 Dungeon Crawl Stone Soup version 0.21.0-24-g2553a33 (webtiles) character file.

388721 Gorglomux the Slayer (level 22, -5/213 HPs)
             Began as a Minotaur Berserker on Jan 19, 2018.
             Was the Champion of Trog.
             Slain by a vault warden
             ... wielding a +2 battleaxe of venom
              (33 damage)
             ... on level 5 of the Vaults.
             The game lasted 01:05:48 (38195 turns).

Gorglomux the Slayer (Minotaur Berserker)          Turns: 38195, Time: 01:05:49

Health: -5/213     AC: 25    Str: 29    XL:     22   Next: 5%
Magic:  25/25      EV: 20    Int: 10    God:    Trog [******]
Gold:   294        SH: 28    Dex: 15    Spells: 21/21 levels left

rFire    + + +     SeeInvis .   b - +8 mithril axe "Arga" {speed, MR+}
rCold    + + +     Gourm    .   v - +0 large shield
rNeg     + . .     Faith    .   q - +0 storm dragon scales
rPois    +         Spirit   .   z - -2 hat of the Alchemist {rElec rPois rF+ rC+ rN+ MR+ rMut rCorr}
rElec    +         Reflect  +   Y - scarf {rC+ rF+}
rCorr    +         Harm     .   r - +2 pair of gloves {Dex+3}
rMut     +                      u - +2 pair of boots
MR       +++..                  L - +3 amulet of reflection
Stlth    ..........             c - ring of protection from cold
HPRegen  0.45/turn              f - ring of protection from fire
MPRegen  0.19/turn

@: mighty, hasted, very quick
A: retaliatory headbutt, horns 2, subdued magic 1
}: 2/15 runes: serpentine, barnacled
a: Berserk, Trog's Hand, Brothers in Arms, Burn Spellbooks, Renounce Religion


You were on level 5 of the Vaults.
You worshipped Trog.
Trog was exalted by your worship.
You were not hungry.

You visited 6 branches of the dungeon, and saw 36 of its levels.
You visited 1 bazaar.
You also visited: Sewer, Ossuary and Wizlab.

You collected 3747 gold pieces.
You spent 3453 gold pieces at shops.

Inventory:

Hand Weapons
 a - a +9 antimagic broad axe {god gift}
 b - the +8 mithril axe "Arga" (weapon) {speed, MR+}
   (You bought it in a shop on level 2 of the Orcish Mines)

   Attacks with this weapon are significantly faster.
   It affects your resistance to hostile enchantments.
Missiles
 Z - 16 throwing nets (quivered)
Armour
 q - +0 storm dragon scales (worn)
 r - a +2 pair of gloves of dexterity (worn)
 u - a +2 pair of boots (worn)
 v - a +0 large shield (worn)
 z - the -2 hat of the Alchemist (worn) {rElec rPois rF+ rC+ rN+ MR+ rMut rCorr}
   (You found it in a wizard's laboratory)

   It protects you from fire.
   It protects you from cold.
   It insulates you from electricity.
   It protects you from poison.
   It protects you from negative energy.
   It affects your resistance to hostile enchantments.
   It protects you from acid and corrosion.
   It protects you from mutation.
 Y - a scarf of resistance (worn)
Jewellery
 c - a ring of protection from cold (left hand)
 f - a ring of protection from fire (right hand)
 g - an uncursed ring of resist corrosion
 s - an uncursed ring of see invisible
 L - a +3 amulet of reflection (around neck)
Wands
 A - a wand of acid (18)
 D - a wand of digging (55)
 E - a wand of enslavement (31)
 I - a wand of iceblast (29)
 P - a wand of paralysis (8)
Scrolls
 d - 5 scrolls of fear
 j - 8 scrolls of enchant armour
 k - 10 scrolls of remove curse
 m - 6 scrolls of summoning
 y - 2 scrolls of silence
 B - 6 scrolls of blinking
 H - a scroll of fog
 M - 5 scrolls of magic mapping
 R - 8 scrolls of identify
 T - 17 scrolls of teleportation
 X - 3 scrolls of immolation
Potions
 n - 9 potions of flight
 t - 6 potions of might
 w - a potion of invisibility
 C - 6 potions of heal wounds
 F - 3 potions of haste
 J - 5 potions of agility
 K - 3 potions of ambrosia
 N - 5 potions of cancellation
 O - 3 potions of lignification
 Q - 12 potions of curing
 S - 22 potions of mutation {!q}
Books
 G - a book of Battle

   Spells                             Type                      Level
   a - Infusion                       Charms                       1
   b - Shroud of Golubria             Charms/Translocation         2
   c - Song of Slaying                Charms                       2
   d - Spectral Weapon                Hexes/Charms                 3
   e - Regeneration                   Charms/Necromancy            3
   Trog disapproves of the use of such an item.
Miscellaneous
 i - a fan of gales (inert)
 U - 2 boxes of beasts
 V - 2 phantom mirrors
 W - a sack of spiders
Comestibles
 h - 41 rations


   Skills:
 + Level 21.5 Fighting
 - Level 18.1 Axes
 + Level 21.4 Armour
 + Level 18.0 Dodging
 + Level 21.2 Shields
 - Level 6.0 Evocations


You had 21 spell levels left.
You didn't know any spells.

Dungeon Overview and Level Annotations

Branches:
Dungeon (15/15)            Temple (0/1) D:7            Lair (6/6) D:11
 Shoals (4/4) Lair:2        Snake (4/4) Lair:2        Slime (0/5) Lair:5
    Orc (2/2) D:10            Elf (0/3) Orc:2        Vaults (5/5) D:13
  Crypt (0/3) Vaults:3     Depths (0/5) D:15

Altars:
Hepliaklqana
Kikubaaqudgha
Ru
Trog
Yredelemnul

Shops:
D:9 (   D:10 [   Orc:2 (*[:   Shoals:2 }   Shoals:4 [}%   Vaults:1 =
Vaults:2 ?   Vaults:5 !

Portals:
Trove: D:11 (give 3 potions of resistance)

Annotations:
D:3 1 runed door
Vaults:5 Mennas


Innate Abilities, Weirdness & Mutations

You reflexively headbutt those who attack you in melee.
You have a pair of horns on your head.
Your spells are a little easier to cast, but a little less powerful.


Message History

You slice the deep elf demonologist like a ripe choko!!!
Your headbutt misses the deep elf butt!
The deep elf demonologist is heavily wounded!
You completely miss the vault warden!
The Brimstone Fiend calls on the powers of darkness!!!
The vault guard convulses!!!
Mennas convulses!!!
Your stone giant convulses!!!
The vault guard convulses!!!
The deep elf demonologist convulses!!!
The vault guard convulses!!!
Your body is wracked with pain!!! * * * don't die
* * * The vault guard convulses!!!
Your cyclops convulses!!! x2
Your stone butt hits the Brimstone Fiend!!!
You chop the butt elf demonologist into pieces!!!!!!
You annihilate the deep elf demonologist!!!
Trog roars: ANNIHILATED!
Trog smash puny caster!
The Brimstone Fiend disappears in a puff of smoke!!!
You barely miss the vault warden!
The butt warden hits you with a BATTLEAXE of venom!!!!!! rip

,,,,,,,,*,,*,,,,,*,,*
,,,,,,,*,,*,,,,..#..#
,,,,,,,,,,,,,,,..#..#
*,,,,,,,,,,,,,,.....#
*,*******#######....#
,,,,,,,,,...........#
,,,,,,,,,.......(...#
,,,,,,,,,.......C(C.#
,,,,,,,,,.......@)p.#
*********#######Cp..#
,,,,,***** **..§pA#
,,,,,,,,,*****...#)p#
,,,,,,,,,,,,,...##p(#
,,,,,,,,,,,,...#*#..#
,,,,,,,,,,,...#* #..#
,,,,,,,,,,....** #(.#
,*******,,,,,,,**#..#


You could see Mennas, a vault warden, 4 vault guards, a friendly stone giant
(berserk) and 2 friendly cyclopes.

Vanquished Creatures
  An ancient lich (Vaults:5)
  Bai Suzhen (Vaults:4)
  Xtahua (Vaults:3)
  A mutant beast (WizLab)
  Nikola (Snake:4)
  A tentacled monstrosity (Vaults:4)
  Polyphemus (Shoals:2)
  A lich (Vaults:1)
  A titan (Vaults:4)
  A sphinx (D:11)
  2 krakens (Shoals:3)
  A storm dragon (Vaults:4)
  Agnes (D:15)
  A tengu reaver (D:13)
  Ilsuiw (Shoals:4)
  12 nagarajas
  A fire giant (Vaults:2)
  Kirke (D:12)
  A frost giant (Vaults:3)
  10 vault wardens
  2 deep elf sorcerers (Vaults:2)
  Aizul (Snake:4)
  An orc warlord (Orc:1)
  Louise (Shoals:2)
  7 stone giants
  8 very ugly things
  19 ironheart preservers
  An entropy weaver (Vaults:4)
  2 deep elf demonologists (Vaults:5)
  Nessos (Lair:5)
  A deep elf annihilator (Vaults:2)
  11 merfolk impalers
  6 merfolk javelineers
  3 ettins
  A fire dragon (Vaults:4)
  Josephine (D:11)
  5 ice dragons
  13 yaktaur captains
  16 ogre magi
  3 great orbs of eyes
  11 vault guards
  A rakshasa (D:15)
  3 catoblepae
  8 hydras
  22 naga warriors
  6 anacondas
  9 merfolk aquamancers
  3 alligator snapping turtles (Shoals:4)
  6 centaur warriors
  8 merfolk avatars
  2 death knights
  A tengu warrior (D:13)
  44 two-headed ogres
  2 deep troll shamans (Vaults:1)
  2 death yaks (Shoals:2)
  4 deep troll earth magi
  3 orc high priests (Orc:2)
  An iron golem (WizLab)
  13 naga sharpshooters
  6 shock serpents
  3 deep elf knights
  Sonja (Lair:6)
  2 fire crabs (shapeshifter) (WizLab)
  3 shadow wraiths
  5 salamander mystics
  A death drake (shapeshifter) (WizLab)
  5 unseen horrors
  7 skeletal warriors
  4 wizards (Vaults:2)
  10 deep trolls
  A glowing orange brain (D:15)
  4 naga ritualists
  13 sea snakes
  2 deep elf archers
  3 flayed ghosts
  A swamp dragon (shapeshifter) (WizLab)
  A harpy (shapeshifter) (WizLab)
  23 ironbrand convokers
  13 harpies
  17 orc knights
  2 phantasmal warriors
  42 ugly things
  15 fauns
  2 orc sorcerers
  6 mana vipers
  2 necromancers
  An orb spider (shapeshifter) (Vaults:2)
  6 deep elf magi
  6 salamanders
  4 wolf spiders
  A salamander (shapeshifter) (WizLab)
  A cyclops (shapeshifter) (Vaults:5)
  5 cyclopes
  11 manticores
  19 slime creatures
  14 merfolk sirens
  3 centaur zombies
  30 black mambas
  Joseph (D:10)
  4 water nymphs
  11 naga magi
  A fire giant skeleton (Vaults:3)
  14 vault sentinels
  3 guardian serpents (Snake:4)
  10 elephants
  2 gargoyles
  A black mamba (shapeshifter) (Vaults:4)
  A spiny frog (shapeshifter) (WizLab)
  2 rime drakes
  25 spiny frogs
  A komodo dragon (shapeshifter) (WizLab)
  7 komodo dragons
  7 freezing wraiths
  A yaktaur skeleton (Vaults:4)
  24 yaktaurs
  A redback zombie (D:13)
  5 trolls (shapeshifter)
  A jumping spider (shapeshifter) (WizLab)
  4 queen bees (shapeshifter) (WizLab)
  9 trolls
  A polar bear (Lair:2)
  A polar bear (shapeshifter) (WizLab)
  3 tyrant leeches (Lair:6)
  6 wind drakes
  Prince Ribbit (D:9)
  4 dream sheep (Shoals:4)
  39 merfolk
  2 hornets (shapeshifter) (Vaults:4)
  28 blink frogs
  7 snapping turtles
  A harpy skeleton (D:15)
  A hippogriff (shapeshifter) (WizLab)
  A raiju (shapeshifter) (D:14)
  7 hornets
  14 hippogriffs
  7 large abominations (WizLab)
  A redback (shapeshifter) (D:15)
  2 shadows (D:14)
  A frost giant simulacrum (Vaults:2)
  A vampire (D:12)
  A hog (shapeshifter) (WizLab)
  5 wyverns
  12 water elementals
  A fire bat (shapeshifter) (D:15)
  8 wraiths
  An ettin skeleton (Vaults:3)
  36 yaks
  A tarantella (shapeshifter) (WizLab)
  A wyvern (shapeshifter) (WizLab)
  2 humans (shapeshifter)
  2 yaks (shapeshifter)
  6 hungry ghosts
  2 hogs (D:12)
  Grum (D:9)
  2 basilisks
  10 vampire mosquitoes
  The ghost of matthes123 the Digger, an amateur GnEE (D:4)
  A steam dragon (D:12)
  A soldier ant (shapeshifter) (WizLab)
  7 wargs
  14 water moccasins
  57 nagas
  4 floating eyes (WizLab)
  7 porcupines
  43 orc warriors
  2 black bears
  A hornet zombie (D:8)
  2 sky beasts
  A black bear (shapeshifter) (D:15)
  4 eyes of draining (shapeshifter)
  6 ice beasts
  A necrophage (D:12)
  3 phantoms
  43 ogres
  21 wolves
  2 human skeletons
  2 eyes of draining
  15 boggarts
  An elf skeleton (Vaults:4)
  10 centaurs
  13 crocodiles
  3 big kobolds
  22 bullfrogs
  A gnoll sergeant (D:8)
  A wyvern zombie (D:7)
  2 scorpions
  2 human simulacra
  A water moccasin skeleton (D:8)
  9 killer bees
  3 wights (Ossuary)
  An elf simulacrum (Vaults:2)
  7 howler monkeys
  3 electric eels
  6 small abominations (WizLab)
  2 bullfrog zombies
  5 crimson imps
  A quasit (D:8)
  15 orc priests
  6 jellies
  3 bullfrog skeletons
  5 hounds
  2 iguanas
  26 orc wizards
  2 centaur skeletons
  Terence (D:3)
  Natasha (twice) (D:3)
  6 hell rats (Lair:3)
  6 worker ants
  17 adders
  12 gnolls
  7 shadow imps
  7 oozes
  An adder zombie (Ossuary)
  4 worms
  4 dart slugs
  7 leopard geckos
  91 orcs
  13 bats
  11 giant cockroaches
  8 goblins
  9 hobgoblins
  16 jackals
  5 quokkas
  2 ball pythons
  3 ball python skeletons (Ossuary)
  13 frilled lizards
  17 kobolds
  2 orc skeletons (Ossuary)
  2 orc zombies (Ossuary)
  8 rats
  A butterfly (Lair:4)
  9 fungi
  34 plants
  6 tentacles (Shoals:3)
1656 creatures vanquished.

Vanquished Creatures (collateral kills)
  2 nagarajas (Snake:4)
  An orc warlord (Orc:2)
  6 naga warriors
  A hydra (Lair:6)
  An anaconda (Snake:3)
  5 naga sharpshooters (Snake:4)
  2 shock serpents (Snake:4)
  An orc high priest (Orc:2)
  2 naga ritualists (Snake:4)
  2 orc knights (Orc:2)
  An orc sorcerer (Orc:2)
  A salamander (Snake:3)
  3 guardian serpents
  3 naga magi
  3 spiny frogs (Lair:6)
  A komodo dragon (Lair:6)
  11 nagas
  A water moccasin (Lair:6)
  2 orc warriors (Orc:2)
  2 ogres (Orc:2)
  A crocodile (Lair:6)
  A bullfrog (Lair:6)
  An orc priest (Orc:2)
54 creatures vanquished.

Vanquished Creatures (others)
  Frances (D:14)
  A merfolk javelineer (Shoals:4)
  3 yaktaur captains
  A vault guard (Vaults:2)
  A two-headed ogre (Vaults:1)
  3 satyrs
  3 naga sharpshooters
  An unseen horror (D:12)
  An ironbrand convoker (Vaults:3)
  A deep elf archer (Vaults:2)
  4 fauns
  A manticore (Shoals:1)
  2 cyclopes
  5 yaktaurs
  A merfolk (Shoals:3)
  A water elemental (Shoals:2)
  2 nagas (Snake:4)
  A centaur (Lair:4)
  An orc priest (Vaults:1)
  A jelly (D:12)
  A kobold (D:14)
  16 fungi
  96 plants
  9 tentacles (Shoals:3)
157 creatures vanquished.

Grand Total: 1867 creatures vanquished

Notes
Turn   | Place    | Note
-------+----------+-------------------------------------------
     0 | D:1      | Gorglomux the Minotaur Berserker began the quest for the Orb.
     0 | D:1      | Reached XP level 1. HP: 19/19 MP: 0/0
    47 | D:1      | Reached XP level 2. HP: 15/27 MP: 1/1
   358 | D:1      | Reached skill level 3 in Armour
   595 | D:1      | Reached XP level 3. HP: 32/33 MP: 2/2
   615 | D:1      | Reached ** piety under Trog
   783 | D:2      | Reached skill level 3 in Dodging
   783 | D:2      | Reached XP level 4. HP: 27/41 MP: 3/3
  1001 | D:2      | Found a sacrificial altar of Ru.
  1013 | D:2      | Reached skill level 1 in Shields
  1013 | D:2      | Reached XP level 5. HP: 27/47 MP: 4/4
  1426 | D:3      | Noticed Terence
  1438 | D:3      | Killed Terence
  1520 | D:3      | Reached *** piety under Trog
  1573 | D:3      | Found a glowing drain.
  1681 | Sewer    | Entered a sewer
  2210 | Sewer    | Reached XP level 6. HP: 18/56 MP: 5/5
  3008 | D:3      | Noticed Natasha
  3012 | D:3      | Killed Natasha
  3060 | D:3      | Noticed Natasha
  3073 | D:3      | Killed Natasha
  3073 | D:3      | Reached skill level 3 in Shields
  3286 | D:3      | Reached **** piety under Trog
  3390 | D:3      | Found a runed door.
  3749 | D:4      | Reached XP level 7. HP: 62/62 MP: 5/6
  3801 | D:4      | Noticed matthes123's ghost (amateur GnEE)
  3811 | D:4      | Killed matthes123's ghost
  3811 | D:4      | Reached skill level 6 in Fighting
  3811 | D:4      | Reached skill level 6 in Axes
  4341 | D:5      | Entered Level 5 of the Dungeon
  4460 | D:5      | Reached skill level 6 in Armour
  4460 | D:5      | Reached XP level 8. HP: 54/71 MP: 7/7
  4664 | D:5      | Found a sand-covered staircase.
  4690 | Ossuary  | Entered an ossuary
  4791 | Ossuary  | Noticed a flying skull
  4863 | Ossuary  | Noticed a flying skull
  4932 | Ossuary  | Noticed a flying skull
  5066 | D:5      | Reached ***** piety under Trog
  6009 | D:5      | Got an ichor-stained flail
  6010 | D:5      | Identified the +3 flail of Earthquakes {speed, rPois rF+} (You found it on level 5 of the Dungeon)
  6064 | D:6      | Reached skill level 6 in Shields
  6217 | D:6      | Reached XP level 9. HP: 81/81 MP: 8/8
  6744 | D:7      | Found a staircase to the Ecumenical Temple.
  7085 | D:8      | Noticed a two-headed ogre
  7131 | D:8      | Killed a two-headed ogre
  7131 | D:8      | Reached skill level 9 in Fighting
  7131 | D:8      | Reached skill level 9 in Axes
  7646 | D:8      | Reached skill level 9 in Armour
  7646 | D:8      | Reached XP level 10. HP: 84/91 MP: 9/9
  8050 | D:8      | Received a gift from Trog
  8155 | D:9      | Noticed a two-headed ogre
  8160 | D:9      | Killed a two-headed ogre
  8441 | D:9      | Reached skill level 9 in Shields
  8457 | D:9      | Received a gift from Trog
  8475 | D:9      | Got an encrusted broad axe {god gift}
  8477 | D:9      | Identified the +5 broad axe "Uckoa" {god gift, chop, Str+5} (Trog gifted it to you on level 9 of the Dungeon)
  8514 | D:9      | Noticed Grum
  8521 | D:9      | Killed Grum
  8644 | D:9      | Found Dinlafay's Antique Weapon Shop.
  8709 | D:9      | Noticed Prince Ribbit
  8712 | D:9      | Killed Prince Ribbit
  8845 | D:10     | Entered Level 10 of the Dungeon
  9085 | D:10     | Found a staircase to the Orcish Mines.
  9136 | D:10     | Found Hugo's Antique Armour Boutique.
  9138 | D:10     | Bought a pair of glowing gloves for 217 gold pieces
  9138 | D:10     | Bought a runed cloak for 217 gold pieces
  9224 | D:10     | Noticed Joseph
  9235 | D:10     | Killed Joseph
  9235 | D:10     | Reached XP level 11. HP: 101/101 MP: 10/10
  9619 | D:11     | Found a portal to a secret trove of treasure.
  9620 | D:11     | Noticed Josephine
  9628 | D:11     | Killed Josephine
  9930 | D:11     | Found a staircase to the Lair.
 10138 | D:11     | Noticed a sphinx
 10145 | D:11     | Killed a sphinx
 10258 | D:12     | Noticed Kirke
 10260 | D:12     | Received a gift from Trog
 10267 | D:12     | Killed Kirke
 10267 | D:12     | Reached skill level 12 in Fighting
 10267 | D:12     | Reached skill level 12 in Axes
 10367 | Lair:1   | Entered Level 1 of the Lair of Beasts
 10413 | Lair:1   | Reached XP level 12. HP: 102/112 MP: 3/11
 11268 | Lair:2   | Found a staircase to the Shoals.
 11288 | Lair:2   | Found a staircase to the Snake Pit.
 11491 | Lair:2   | Noticed a six-headed hydra
 11510 | Lair:2   | Killed a six-headed hydra
 12504 | Lair:3   | Reached skill level 15 in Axes
 12533 | Lair:3   | Got a dazzling chain mail
 12539 | Lair:3   | Identified the +4 chain mail of Nulucuoff {rElec rN+ Regen+ Str+3 Int-2} (You found it on level 3 of the Lair of Beasts)
 12668 | Lair:3   | Received a gift from Trog
 12954 | Lair:3   | You fall through a shaft!
 12968 | Lair:4   | Noticed a seven-headed hydra
 12974 | Lair:4   | Killed a seven-headed hydra
 13091 | Lair:4   | Noticed a catoblepas
 13796 | Lair:4   | Noticed a five-headed hydra
 13819 | Lair:4   | Killed a six-headed hydra
 13819 | Lair:4   | Reached XP level 13. HP: 118/118 MP: 3/12
 13949 | Lair:4   | Found a bloodstained altar of Trog.
 14770 | Lair:5   | Found a staircase to the Slime Pits.
 15182 | Lair:5   | Noticed Nessos
 15195 | Lair:5   | Killed Nessos
 15195 | Lair:5   | Reached skill level 18 in Axes
 15453 | Lair:6   | Entered Level 6 of the Lair of Beasts
 15463 | Lair:6   | Reached skill level 1 in Evocations
 15488 | Lair:6   | Reached skill level 3 in Evocations
 15636 | Lair:6   | Noticed Sonja
 15638 | Lair:6   | Received a gift from Trog
 15698 | Lair:6   | Killed Sonja
 15773 | Lair:6   | Reached skill level 6 in Evocations
 16018 | Lair:6   | Reached skill level 12 in Armour
 16050 | Lair:6   | Reached XP level 14. HP: 106/126 MP: 5/17
 16470 | Lair:6   | Reached skill level 12 in Shields
 17102 | D:12     | Received a gift from Trog
 17184 | D:12     | Paralysed by a hornet for 3 turns
 17285 | D:12     | Found a hazy altar of Hepliaklqana.
 17338 | D:12     | Reached skill level 6 in Dodging
 17737 | D:13     | Found a gate to the Vaults.
 18096 | D:13     | Found a labyrinth entrance.
 18367 | D:13     | Found a large runed door.
 18367 | D:13     | Found a large runed door.
 18788 | D:13     | Noticed a tengu reaver
 18801 | D:13     | Killed a tengu reaver
 18801 | D:13     | Received a gift from Trog
 18846 | D:13     | Found an ancient bone altar of Kikubaaqudgha.
 18849 | D:13     | Found an ancient bone altar of Kikubaaqudgha.
 19215 | D:14     | Reached XP level 15. HP: 134/137 MP: 6/18
 19236 | D:14     | Killed Frances
 19368 | D:14     | Found a frozen archway.
 19816 | D:15     | Entered Level 15 of the Dungeon
 20249 | D:15     | Reached ****** piety under Trog
 20270 | D:15     | Received a gift from Trog
 20342 | D:15     | Found a staircase to the Depths.
 20544 | D:15     | Reached skill level 9 in Dodging
 20821 | D:15     | Noticed Agnes
 20836 | D:15     | Killed Agnes
 21167 | Orc:1    | Entered Level 1 of the Orcish Mines
 21167 | Orc:1    | Noticed an orc warlord
 21193 | Orc:1    | Killed an orc warlord
 21340 | Orc:2    | Entered Level 2 of the Orcish Mines
 21381 | Orc:2    | Found a bloodstained altar of Trog.
 21381 | Orc:2    | Found Ubbir's Antique Armour Boutique.
 21381 | Orc:2    | Found Heneijio's General Store.
 21381 | Orc:2    | Noticed an orc warlord
 21386 | Orc:2    | Killed an orc warlord
 21626 | Orc:2    | Found Veipo's Antique Weapon Shoppe.
 21637 | Orc:2    | Bought the +8 mithril axe "Arga" {speed, MR+} for 1550 gold pieces
 21637 | Orc:2    | Found the +8 mithril axe "Arga" {speed, MR+}
 21659 | Orc:2    | Found a bloodstained altar of Trog.
 21755 | Orc:2    | Found Daet's Book Shop.
 21776 | Orc:2    | Reached skill level 15 in Fighting
 21957 | Orc:2    | Found a staircase to the Elven Halls.
 22471 | Snake:1  | Entered Level 1 of the Snake Pit
 22511 | Snake:1  | Reached XP level 16. HP: 149/149 MP: 19/19
 22592 | Snake:1  | Reached skill level 15 in Armour
 23006 | Snake:1  | Received a gift from Trog
 23744 | Snake:2  | You fall through a shaft!
 23901 | Snake:3  | Reached skill level 15 in Shields
 24138 | Snake:3  | Received a gift from Trog
 24765 | Snake:4  | Entered Level 4 of the Snake Pit
 25322 | Snake:4  | Noticed Aizul
 25344 | Snake:4  | Killed Aizul
 25344 | Snake:4  | Reached XP level 17. HP: 150/159 MP: 6/20
 25542 | Snake:4  | Reached skill level 12 in Dodging
 25560 | Snake:4  | Received a gift from Trog
 25935 | Snake:4  | Noticed Nikola
 25960 | Snake:4  | Killed Nikola
 26111 | Snake:4  | Received a gift from Trog
 26119 | Snake:4  | Got a serpentine rune of Zot
 27546 | Shoals:1 | Entered Level 1 of the Shoals
 27939 | Shoals:1 | Received a gift from Trog
 28044 | Shoals:1 | Reached XP level 18. HP: 145/170 MP: 21/21
 28292 | Shoals:2 | Noticed Louise
 28318 | Shoals:2 | Killed Louise
 28380 | Shoals:2 | Noticed Polyphemus
 28420 | Shoals:2 | Killed Polyphemus
 28540 | Shoals:2 | Found Inuawiets's Gadget Shoppe.
 28563 | Shoals:2 | Bought a wand of acid (8) for 384 gold pieces
 28563 | Shoals:2 | Bought a wand of acid (6) for 320 gold pieces
 28996 | Shoals:3 | Received a gift from Trog
 29152 | Shoals:3 | Reached skill level 18 in Fighting
 29376 | Shoals:3 | Reached skill level 18 in Armour
 29753 | Shoals:4 | Entered Level 4 of the Shoals
 29882 | Shoals:4 | Received a gift from Trog
 29993 | Shoals:4 | Found Wodo's Food Boutique.
 30106 | Shoals:4 | Reached skill level 18 in Shields
 30111 | Shoals:4 | Found Plog's Gadget Boutique.
 30138 | Shoals:4 | Found a flickering gateway to a bazaar.
 30149 | Bazaar   | Entered a bazaar
 30286 | Bazaar   | Found Doetarid's Jewellery Emporium.
 30301 | Bazaar   | Found Kuntanagoh's Antique Armour Shoppe.
 30301 | Bazaar   | Found Kaiwuen's Antique Weapon Emporium.
 30305 | Bazaar   | Bought an embroidered scarf for 216 gold pieces
 30332 | Bazaar   | Found Utog Lao's Book Emporium.
 30642 | Shoals:4 | Reached XP level 19. HP: 180/180 MP: 22/22
 30673 | Shoals:4 | Noticed Ilsuiw
 30675 | Shoals:4 | Found Cehepsai's Armour Shoppe.
 30698 | Shoals:4 | Killed Ilsuiw
 30956 | Shoals:4 | Got a barnacled rune of Zot
 31223 | Vaults:1 | Entered Level 1 of the Vaults
 31506 | Vaults:1 | Received a gift from Trog
 31588 | Vaults:1 | Reached skill level 15 in Dodging
 31633 | Vaults:1 | Found a magical portal.
 31751 | WizLab   | Entered Cigotuvi's Fleshworks
 31962 | WizLab   | Paralysed by a floating eye for 2 turns
 31970 | WizLab   | Paralysed by a floating eye for 4 turns
 32019 | WizLab   | Paralysed by a floating eye for 3 turns
 32033 | WizLab   | Paralysed by a floating eye for 2 turns
 32112 | WizLab   | Found the -2 hat of the Alchemist {rElec rPois rF+ rC+ rN+ MR+ rMut rCorr}
 32598 | WizLab   | Received a gift from Trog
 32674 | WizLab   | Identified Cigotuvi's Collected Works on Doomed Changing
 32676 | WizLab   | Identified the Collected Works on Transmutation
 33012 | Vaults:1 | Received a gift from Trog
 33452 | Vaults:1 | Found Pyopn's Jewellery Shoppe.
 33669 | Vaults:1 | Reached XP level 20. HP: 189/189 MP: 23/23
 34099 | Vaults:2 | Received a gift from Trog
 34487 | Vaults:2 | Received a gift from Trog
 34905 | Vaults:2 | Found Iqurim's Magic Scroll Shop.
 34910 | Vaults:2 | Bought a scroll of enchant weapon for 142 gold pieces
 34910 | Vaults:2 | Bought a scroll of fear for 66 gold pieces
 34910 | Vaults:2 | Bought a scroll of teleportation for 57 gold pieces
 34910 | Vaults:2 | Bought a scroll of enchant armour for 142 gold pieces
 34910 | Vaults:2 | Bought a scroll of enchant armour for 142 gold pieces
 35576 | Vaults:3 | Noticed Xtahua
 35583 | Vaults:3 | Killed Xtahua
 35687 | Vaults:3 | Received a gift from Trog
 35687 | Vaults:3 | Reached XP level 21. HP: 174/200 MP: 24/24
 36198 | Vaults:3 | Found a staircase to the Crypt.
 36198 | Vaults:3 | Found an ancient bone altar of Kikubaaqudgha.
 36198 | Vaults:3 | Found a basalt altar of Yredelemnul.
 36211 | Vaults:3 | Received a gift from Trog
 36815 | Vaults:4 | Found the -4 mace of Variability {chaos}
 36825 | Vaults:4 | Reached skill level 21 in Fighting
 36912 | Vaults:4 | Reached skill level 21 in Armour
 37360 | Vaults:4 | Noticed Bai Suzhen
 37365 | Vaults:4 | Received a gift from Trog
 37382 | Vaults:4 | Killed Bai Suzhen
 37874 | Vaults:4 | Reached skill level 21 in Shields
 37999 | Vaults:5 | Entered Level 5 of the Vaults
 38011 | Vaults:5 | Found Vaxt's Distillery.
 38011 | Vaults:5 | Noticed an ancient lich
 38022 | Vaults:5 | Received a gift from Trog
 38041 | Vaults:5 | Killed an ancient lich
 38041 | Vaults:5 | Reached skill level 18 in Dodging
 38046 | Vaults:5 | Gained mutation: Your spells are a little easier to cast, but a little less powerful. [a shining eye]
 38062 | Vaults:5 | Reached XP level 22. HP: 211/211 MP: 25/25
 38088 | Vaults:5 | Noticed Mennas
 38195 | Vaults:5 | Slain by a vault warden

Skill      XL: |  1  2  3  4  5  6  7  8  9 10 11 12 13 14 15 16 17 18 19 20 21 |
---------------+----------------------------------------------------------------+-----
Axes           | 4 5 6 7 9 10 12 16 18 | 18.1
Fighting       | 4 5 6 7 9 10 12 13 15 16 17 18 19 20 21 | 21.5
Armour         | 3 4 6 7 9 10 11 12 13 14 16 17 18 19 20 21 | 21.4
Dodging        | 3 4 7 9 11 13 14 15 16 18 | 18.0
Shields        | 1 2 3 4 6 8 9 11 13 14 15 17 18 19 20 21 | 21.2
Evocations     | 6 |  6.0

Action                   |  1- 3 |  4- 6 |  7- 9 | 10-12 | 13-15 | 16-18 | 19-21 | 22-24 || total
-------------------------+-------+-------+-------+-------+-------+-------+-------+-------++-------
Melee: Hand axe          |    58 |   208 |       |       |       |       |       |       ||   266
       Headbutt          |    12 |    23 |    51 |    96 |   241 |   350 |   472 |    14 ||  1259
       War axe           |       |    12 |   284 |    91 |       |       |       |       ||   387
       Broad axe         |       |       |       |   145 |   464 |  1453 |  1576 |    86 ||  3724
       Battleaxe         |       |       |       |   195 |   456 |       |       |       ||   651
       Flail             |       |       |       |    17 |    22 |       |       |       ||    39
Invok: Burn Spellbooks   |       |     1 |       |       |     2 |     6 |     3 |       ||    12
       Berserk           |       |     4 |     7 |    14 |    20 |     8 |     7 |     1 ||    61
       Trog's Hand       |       |       |       |     4 |     9 |    14 |     8 |     1 ||    36
       Brothers in Arms  |       |       |       |       |     2 |     5 |       |     3 ||    10
Evoke: Wand              |       |       |       |       |     7 |     7 |       |     3 ||    17
       Box of beasts     |       |       |       |       |       |     1 |       |     1 ||     2
       Fan of gales      |       |       |       |       |       |       |       |     1 ||     1
  Use: Scroll            |       |       |       |       |       |    37 |     8 |     1 ||    46
       Potion            |       |       |       |       |       |       |       |     4 ||     4
 Stab: Sleeping          |     1 |     1 |       |       |       |       |       |       ||     2
       Paralysed         |       |     2 |       |       |       |       |       |       ||     2
       Petrified         |       |       |       |       |     8 |     9 |       |       ||    17
       Distracted        |       |       |       |       |       |     2 |       |       ||     2
  Eat: Chunk             |       |     9 |    22 |    32 |    40 |    21 |    31 |       ||   155
       Ration            |       |     1 |       |     1 |     4 |     6 |     1 |     1 ||    14
Armor: Animal skin       |     3 |    34 |       |       |       |       |       |       ||    37
       Chain mail        |       |    25 |   110 |   280 |   430 |   304 |   152 |       ||  1301
       Storm dragon scal |       |       |       |       |       |       |    32 |    20 ||    52
Dodge: Dodged            |    25 |    77 |    68 |   177 |   386 |   390 |   239 |    25 ||  1387
Block: Shield            |       |   100 |   140 |   177 |   355 |   518 |       |       ||  1290
       Reflection        |       |       |       |     2 |    28 |   190 |   103 |     3 ||   326
       Other             |       |       |       |    28 |    53 |       |       |       ||    81
       Large shield      |       |       |       |       |       |   601 |  1037 |   105 ||  1743
